 Dungeon Crawl Stone Soup version 0.31-a0-702-gf82c85558f (webtiles) character file.

Game seed: 1918557880431643485

177 qw the Shooter (level 5, 0/32 HPs)
             Began as a Gargoyle Hunter on Sept 8, 2023.
             Slain by an orc wizard
             ... wielding a +0 dagger
              (2 damage)
             ... on level 3 of the Dungeon.
             The game lasted 00:00:59 (2065 turns).

qw the Shooter (Gargoyle Hunter)                    Turns: 2065, Time: 00:01:00

Health: 0/32       AC:  8    Str: 15    XL:     5   Next: 57%
Magic:  5/5        EV: 11    Int:  9    God:
Gold:   92         SH:  0    Dex: 15    Spells: 4/4 levels left

rFire   . . .        Y - +0 shortbow
rCold   . . .        (shield currently unavailable)
rNeg    + . .        c - +0 leather armour
rPois   inf          (no helmet)
rElec   +            (no cloak)
rCorr   .            l - +0 pair of gloves
SInv    .            (no boots)
Will    .....        h - amulet of the acrobat
Stlth   ++           (no ring)
HPRegen 0.25/turn    (no ring)
MPRegen 0.09/turn

%: acrobat
@: no status effects
A: sickness immunity, AC +4, negative energy resistance 1, electricity
resistance, torment resistance 1, petrification resistance
a: no special abilities


You were on level 3 of the Dungeon.
You visited 1 branch of the dungeon, and saw 3 of its levels.

You collected 92 gold pieces.


Innate Abilities, Weirdness & Mutations

You are immune to sickness and miasma.
Your stone body is resilient. (AC +4)
You are immune to poison.
You resist negative energy. (rN+)
You are resistant to electric shocks. (rElec)
You are resistant to unholy torment.
You are immune to petrification.


   Skills:
 + Level 3.2 Fighting
 - Level 6.0 Ranged Weapons
 - Level 1.6 Armour
 - Level 1.5 Dodging
 - Level 1.1 Stealth


You had 4 spell levels left.
You didn't know any spells.
Your spell library was empty.

Inventory:

Hand Weapons
 Y - a +0 shortbow (weapon)
Armour
 c - a +0 leather armour (worn)
 l - a +0 pair of gloves (worn)
 o - a +2 helmet
 p - a +0 ring mail
Jewellery
 d - a ring of ice
 h - an amulet of the acrobat (around neck)
Scrolls
 i - 2 scrolls of identify
 j - 2 scrolls of brand weapon {unknown}
Potions
 b - a potion of degeneration {unknown}
 e - a potion of enlightenment
 f - a potion of heal wounds {unknown}
 g - a potion of might {unknown}
 k - 2 potions of curing {unknown}
 m - a potion of brilliance {unknown}
 n - a potion of magic {unknown}

Dungeon Overview and Level Annotations

Branches:
Dungeon (3/15)

Altars:


Message History

Pain shoots through your body! Something hits you but does no damage.
You shoot an arrow. The arrow hits the orc priest.
The orc priest is severely wounded.
The orc priest calls down the wrath of Beogh upon you.
You barely resist. Something hits you.
You shoot an arrow. The arrow barely misses the orc priest.
The orc priest barely misses you. Something hits you but does no damage.
You shoot an arrow. The arrow barely misses the orc priest.
Something hits you. The orc priest barely misses you.
You shoot an arrow. The arrow hits the orc priest.
The orc priest is almost dead.
The orc priest hits you with a +0 short sword.
Something hits you but does no damage.
You shoot an arrow. The arrow hits the orc priest!
You kill the orc priest!
Something hits you but does no damage.
Your Armour skill increases to level 1!
You shoot an arrow. Something hits you but does no damage.
You shoot an arrow. Something hits you.
You shoot an arrow.
You hear some strange, mumbled words.
Something tries to affect you, but you resist.
Something hits you.
You shoot an arrow. Something hits you but does no damage.
You shoot an arrow. Something hits you.
You shoot an arrow. Something hits you but does no damage.
You shoot an arrow. Something hits you.
You shoot an arrow. Something hits you.
You shoot an arrow. Something hits you but does no damage.
You shoot an arrow. Something hits you but does no damage. Something hits you.
You die...

.##.....##.#
###...##
.####......# ##...#
.# ##.###.# ###...##
.#####.# #.###...###
.......# ###...###
.......#######...###
...........#
###...##
......###### ##..[#
.......# #@..##
.....#.# #.{)###
######... #...###
##......) ......
..).. .... ....


There were no monsters in sight!

Vanquished Creatures
  An orc priest (D:3)
  4 gnolls (D:3)
  4 adders
  A worm (D:2)
  3 dart slugs (D:2)
  3 orcs (D:3)
  4 ball pythons
  3 endoplasms
  4 giant cockroaches
  6 goblins
  5 hobgoblins
  4 quokkas
  9 bats
  4 frilled lizards
  4 kobolds
  7 rats
66 creatures vanquished.

Notes
Turn   | Place    | Note
-------+----------+-------------------------------------------
     0 | D:1      | qw the Gargoyle Hunter began the quest for the Orb.
     0 | D:1      | Reached XP level 1. HP: 12/12 MP: 1/1
     0 | D:1      | 0 ||| qw: Version: 0.3-a-76-g4403597
     0 | D:1      | 0 ||| qw: Game counter: 1135
     0 | D:1      | 0 ||| qw: Melee chars always use a shield: true
     0 | D:1      | 0 ||| qw: God list: Okawaru
     0 | D:1      | 0 ||| qw: Allow faded altars: false
     0 | D:1      | 0 ||| qw: Do Orc after clearing Dungeon:15 true
     0 | D:1      | 0 ||| qw: Do second Lair branch before Depths: true
     0 | D:1      | 0 ||| qw: Lair rune preference: random
     0 | D:1      | 0 ||| qw: Goals: Normal
     0 | D:1      | 0 ||| PLANNING D:1-11
   104 | D:1      | Reached XP level 2. HP: 17/17 MP: 2/2
   643 | D:1      | 643 ||| UPGRADING to +0 pair of gloves.
   648 | D:1      | 648 ||| UPGRADING to amulet of the acrobat.
   653 | D:1      | 653 ||| READING 2 scrolls labelled LEAFRA ZUIMNE.
   658 | D:1      | 658 ||| READING 2 scrolls labelled SOZO NEAJIHALO.
   759 | D:1      | 759 ||| READING scroll labelled YMEARO VYOTAAS.
   760 | D:1      | 760 ||| READING scroll labelled GOJIKU XUSU.
   761 | D:1      | 761 ||| DROPPING scroll of butterflies.
   762 | D:1      | 762 ||| DROPPING scroll of silence.
   802 | D:2      | Reached XP level 3. HP: 21/21 MP: 3/3
   858 | D:2      | Reached skill level 5 in Ranged Weapons
   960 | D:2      | Reached skill level 3 in Fighting
   960 | D:2      | Reached XP level 4. HP: 28/28 MP: 4/4
  1273 | D:2      | Found a faded altar of an unknown god.
  1383 | D:2      | 1383 ||| DROPPING ring of wizardry.
  1384 | D:2      | 1384 ||| READING scroll labelled ZIQUROE EJUUJUN.
  1385 | D:2      | 1385 ||| READING scroll labelled OSCHAN MIZES.
  1386 | D:2      | 1386 ||| DRINKING 2 yellow potions.
  1782 | D:3      | Reached XP level 5. HP: 32/32 MP: 5/5
  1799 | D:3      | Reached skill level 6 in Ranged Weapons
  1907 | D:3      | 1907 ||| RETREATING.
  1907 | D:3      | HP: 5/32 [orc priest/divine providence (12)]
  1913 | D:3      | 1913 ||| READING scroll of teleportation.
  2054 | D:3      | HP: 8/32 [orc priest/+0 short sword (3)]
  2056 | D:3      | Reached skill level 1 in Armour
  2060 | D:3      | HP: 2/32 [something (3)]
  2065 | D:3      | Slain by an orc wizard

Levels and vault maps discovered:
D:1:      lemuel_arrival_lava_pool, layout_loops_ring
D:2:      layout_loops_ring, hellmonk_ecumenical_altar_inner_sanctum
D:3:      layout_rooms, serial_curves, eino_curves_03, eino_curves_03,
          eino_curves_03

Skill      XL: |  1  2  3  4  5 |
---------------+----------------+-----
Ranged Weapons | 5 6 |  6.0
Fighting       | 3 |  3.2
Armour         | 1 |  1.6
Dodging        | |  1.5
Stealth        | |  1.1

Action                     |  1- 3 |  4- 6 || total
---------------------------+-------+-------++-------
   Fire: Shortbow          |    98 |   132 ||   230
    Use: Scroll            |     4 |     3 ||     7
         Potion            |       |     1 ||     1
 Armour: Leather armour    |    17 |    61 ||    78
  Dodge: Dodged            |    22 |    39 ||    61

Table legend:
 A = Non-vault XP
 B = Vault XP
 C = Vault XP percentage of total XP
 D = Non-vault monster count
 E = Vault monster count
 F = Vault count percentage of total count
                 A         B        C        D         E       F
            +---------+---------+-------+---------+---------+-------
      Total |     254 |       0 |   0.0 |      66 |       0 |   0.0
            +---------+---------+-------+---------+---------+-------
        D:1 |      32 |       0 |   0.0 |      22 |       0 |   0.0
        D:2 |      80 |       0 |   0.0 |      23 |       0 |   0.0
        D:3 |     142 |       0 |   0.0 |      21 |       0 |   0.0
            +---------+---------+-------+---------+---------+-------
